[Event "7th Iberoamerican-ch 2019"]
[Site "Linares"]
[Date "2019.08.18"]
[Round "9.14"]
[White "Matnadze, Ana"]
[Black "Matamoros Franco, Carlos S."]
[Result "1/2-1/2"]
[ECO "A49"]
[WhiteElo "2363"]
[BlackElo "2498"]
[Annotator "ChessBase"]
[PlyCount "26"]
[EventDate "2019.08.10"]
[EventType "swiss"]
[EventCountry "ESP"]
[SourceTitle "playchess.com"]
[Source "ChessBase"]
[SourceQuality "1"]
[TimeControl "5400+30"]

1. d4 Nf6 2. Nf3 g6 3. g3 b6 4. Bg2 Bb7 5. O-O Bg7 6. c4 O-O 7. b3 c5 8. Bb2 cxd4 9. Nxd4 Bxg2 10. Kxg2 Qc7 11. Nc3 Qb7+ 12. Nf3 d6 13. Nd5 Nxd5 1/2-1/2

[Event "7th Iberoamerican-ch 2019"]
[Site "Linares"]
[Date "2019.08.18"]
[Round "9.15"]
[White "Espinosa Aranda, Angel"]
[Black "Aizpurua, Patrick"]
[Result "1-0"]
[ECO "A46"]
[WhiteElo "2497"]
[BlackElo "2261"]
[Annotator "ChessBase"]
[PlyCount "105"]
[EventDate "2019.08.10"]
[EventType "swiss"]
[EventCountry "ESP"]
[SourceTitle "playchess.com"]
[Source "ChessBase"]
[SourceQuality "1"]
[TimeControl "5400+30"]

1. d4 Nf6 2. Nf3 e6 3. e3 b6 4. Bd3 Bb7 5. O-O Be7 6. c4 c5 7. Nc3 O-O 8. d5 exd5 9. cxd5 d6 10. e4 a6 11. a4 Nbd7 12. h3 Ne8 13. Bf4 Bf6 14. Nd2 Ne5 15. Be2 Rb8 16. Bh2 Nc7 17. f4 Ng6 18. Nf3 Re8 19. e5 dxe5 20. d6 Ne6 21. f5 Nd4 22. fxg6 hxg6 23. Bc4 Qxd6 24. Nd2 b5 25. axb5 axb5 26. Nde4 Bxe4 27. Nxe4 Qc6 28. Rxf6 gxf6 29. Bd5 Qb6 30. Qf1 f5 31. Ng5 Re7 32. Qf2 Kg7 33. Nxf7 f4 34. Ng5 c4 35. Kh1 Nb3 36. Ne6+ Rxe6 37. Ra7+ Kf8 38. Qh4 Qxa7 39. Qh8+ Ke7 40. Qg7+ Kd6 41. Qxa7 Kxd5 42. Qxb8 Nd4 43. Bg1 Rd6 44. Qb7+ Ke6 45. Bxd4 Rxd4 46. Qxb5 Kf6 47. Kg1 g5 48. Qb4 Kf5 49. Kf2 Rd3 50. Qxc4 Rd2+ 51. Kf3 g4+ 52. hxg4+ Kg5 53. Qg8+ 1-0

[Event "7th Iberoamerican-ch 2019"]
[Site "Linares"]
[Date "2019.08.18"]
[Round "9.16"]
[White "Moreno Ruiz, Javier"]
[Black "Teran Alvarez, Ismael"]
[Result "1-0"]
[ECO "D31"]
[WhiteElo "2473"]
[BlackElo "2392"]
[Annotator "ChessBase"]
[PlyCount "103"]
[EventDate "2019.08.10"]
[EventType "swiss"]
[EventCountry "ESP"]
[SourceTitle "playchess.com"]
[Source "ChessBase"]
[SourceQuality "1"]
[TimeControl "5400+30"]

1. d4 d5 2. c4 e6 3. Nc3 Be7 4. cxd5 exd5 5. Bf4 c6 6. e3 Bf5 7. g4 Be6 8. h4 Qb6 9. Rb1 Qd8 10. Bd3 Bd6 11. Nh3 h5 12. gxh5 Bxh3 13. Bxd6 Qxd6 14. Rxh3 Nf6 15. Be2 Nbd7 16. Rg3 O-O-O 17. Kd2 g6 18. hxg6 fxg6 19. Qa4 Kb8 20. Rh1 b5 21. Qb3 Nb6 22. Kc1 Rh6 23. Bd3 Rdh8 24. Rxg6 Rxg6 25. Bxg6 Ng4 26. Qc2 Nxf2 27. Rg1 Nh3 28. Rh1 Nf2 29. Rg1 Nh3 30. Rg4 Rf8 31. Qg2 Nf2 32. Qg3 Nc4 33. Qxd6+ Nxd6 34. Rf4 Rg8 35. h5 Nh3 36. Rf6 Kc7 37. Kc2 Kd7 38. Kd3 Ke7 39. Rf1 Ng5 40. b3 Ne6 41. Ne2 Rf8 42. Nf4 b4 43. Ke2 Ng5 44. Rg1 Ne6 45. Nxe6 Kxe6 46. Bd3 a5 47. h6 Rf6 48. Rh1 Nf7 49. h7 Nh8 50. e4 dxe4 51. Bxe4 Kd6 52. Rh5 1-0

[Event "7th Iberoamerican-ch 2019"]
[Site "Linares"]
[Date "2019.08.18"]
[Round "9.17"]
[White "Guerrero Vargas, Andres Jesus"]
[Black "Del Rio De Angelis, Salvador G."]
[Result "0-1"]
[ECO "B01"]
[WhiteElo "2342"]
[BlackElo "2472"]
[Annotator "ChessBase"]
[PlyCount "58"]
[EventDate "2019.08.10"]
[EventType "swiss"]
[EventCountry "ESP"]
[SourceTitle "playchess.com"]
[Source "ChessBase"]
[SourceQuality "1"]
[TimeControl "5400+30"]

1. e4 d5 2. exd5 Nf6 3. Bb5+ Bd7 4. Be2 Nxd5 5. d4 e6 6. Nf3 c5 7. c4 Nf6 8. dxc5 Bxc5 9. O-O Qc7 10. a3 a5 11. Nc3 O-O 12. Na4 Ba7 13. c5 Na6 14. Bxa6 bxa6 15. Bg5 Nd5 16. Rc1 Rfc8 17. Nd2 h6 18. Bh4 Bxa4 19. Qxa4 Qf4 20. Qxf4 Nxf4 21. Rc4 Ne2+ 22. Kh1 Rxc5 23. Re4 Nc1 24. Rd4 Rac8 25. Rd7 R5c7 26. Rd6 Rc6 27. Rd7 Bb8 28. Bg3 Ne2 29. Rb7 e5 0-1

[Event "7th Iberoamerican-ch 2019"]
[Site "Linares"]
[Date "2019.08.18"]
[Round "9.18"]
[White "Garcia, Jhoel"]
[Black "Ladron De Guevara Pinto, Paolo"]
[Result "0-1"]
[ECO "C78"]
[WhiteElo "2290"]
[BlackElo "2431"]
[Annotator "NA"]
[PlyCount "100"]
[EventDate "2019.08.10"]
[EventType "swiss"]
[EventCountry "ESP"]
[SourceTitle "playchess.com"]
[Source "ChessBase"]
[SourceQuality "1"]
[TimeControl "5400+30"]

1. e4 e5 2. Nf3 Nc6 3. Bb5 a6 4. Ba4 Nf6 5. O-O b5 6. Bb3 Bb7 7. Re1 Bc5 8. c3 d6 9. d4 Bb6 10. a4 h6 11. Na3 O-O 12. d5 Ne7 13. Be3 Bxe3 14. Rxe3 Ng4 15. Re1 bxa4 16. Bc2 f5 17. exf5 Nxd5 18. Nc4 Rb8 19. Rxa4 Nf4 20. Ne3 Nf6 21. h3 Nd7 22. Kh2 Nc5 23. Rc4 e4 24. Nd4 Qf6 25. Qg4 Nfd3 26. Bxd3 Nxd3 27. Qg3 h5 28. Re2 Ne5 29. Rxc7 h4 30. Qf4 g5 31. Ng4 gxf4 32. Nxf6+ Rxf6 33. Ne6 Rxf5 34. Rd2 Nf7 35. Nd4 Rf6 36. b4 Ne5 37. Rd1 e3 38. Rf1 Rg6 39. f3 Rf6 40. Rd1 Rf7 41. Rxf7 Kxf7 42. Ne2 Ke7 43. Nxf4 Rc8 44. Ne2 Bc6 45. f4 Rg8 46. Rg1 Rxg2+ 47. Rxg2 Nf3+ 48. Kh1 Ne1 49. Nd4 Bxg2+ 50. Kh2 Be4 0-1

[Event "7th Iberoamerican-ch 2019"]
[Site "Linares"]
[Date "2019.08.18"]
[Round "9.19"]
[White "Almagro Mazariegos, Sebastian"]
[Black "Gines Esteo, Pedro Antonio"]
[Result "1-0"]
[ECO "B01"]
[WhiteElo "2268"]
[BlackElo "2417"]
[Annotator "NA"]
[PlyCount "127"]
[EventDate "2019.08.10"]
[EventType "swiss"]
[EventCountry "ESP"]
[SourceTitle "playchess.com"]
[Source "ChessBase"]
[SourceQuality "1"]
[TimeControl "5400+30"]

1. e4 c6 2. c4 d5 3. exd5 Nf6 4. Nc3 cxd5 5. cxd5 Nxd5 6. Nf3 Nc6 7. Bc4 Nb6 8. Bb3 g6 9. d4 Bg7 10. d5 Na5 11. O-O O-O 12. Re1 Nxb3 13. axb3 Re8 14. Bg5 f6 15. Be3 e5 16. Bc5 Bf8 17. Bxf8 Rxf8 18. h3 Rf7 19. Nh2 Qd6 20. Ra5 a6 21. Ng4 Bxg4 22. Qxg4 f5 23. Qg3 Re7 24. Raa1 Rd8 25. Rad1 Qf6 26. Rd2 Rd6 27. Qe3 Nd7 28. b4 e4 29. f4 Nb6 30. Qc5 Red7 31. b5 Qh4 32. Rf1 a5 33. Kh2 Qd8 34. Rfd1 Qc7 35. Qd4 Nxd5 36. Qe5 e3 37. Nxd5 Qc5 38. Nf6+ Rxf6 39. Qxc5 Rxd2 40. Rxd2 exd2 41. Qd5+ Kf8 42. Qxd2 b6 43. Qd7 Kg8 44. Kg3 h6 45. Kf3 g5 46. Ke3 Kf8 47. Kd4 gxf4 48. Ke5 Rg6 49. Qxf5+ Kg7 50. Qd7+ Kh8 51. Kf5 Rxg2 52. Kxf4 Rf2+ 53. Ke5 Rxb2 54. Qd8+ Kh7 55. Qc7+ Kg6 56. Qxb6+ Kh5 57. Qxa5 Rg2 58. Kf4 Kh4 59. b6 Rf2+ 60. Ke3 Rb2 61. Qa7 Rb3+ 62. Kf4 Rb4+ 63. Kf5 h5 64. Qe7+ 1-0

[Event "7th Iberoamerican-ch 2019"]
[Site "Linares"]
[Date "2019.08.18"]
[Round "9.20"]
[White "Merario Alarcon, Andres"]
[Black "Domingo Nunez, Ruben"]
[Result "1-0"]
[ECO "E10"]
[WhiteElo "2392"]
[BlackElo "2345"]
[Annotator "NA"]
[PlyCount "41"]
[EventDate "2019.08.10"]
[EventType "swiss"]
[EventCountry "ESP"]
[SourceTitle "playchess.com"]
[Source "ChessBase"]
[SourceQuality "1"]
[TimeControl "5400+30"]

1. d4 Nf6 2. c4 e6 3. Nf3 a6 4. Nc3 d5 5. cxd5 exd5 6. Bg5 Be6 7. Bxf6 Qxf6 8. Qb3 b5 9. a4 b4 10. Nxd5 Qd8 11. e4 c6 12. Qe3 cxd5 13. exd5 Qxd5 14. Rc1 Be7 15. Bd3 Ra7 16. Be4 Qb3 17. Rc8+ Bd8 18. Rxb8 Re7 19. Bc6+ Bd7 20. Bxd7+ Kxd7 21. Rb7+ 1-0

[Event "7th Iberoamerican-ch 2019"]
[Site "Linares"]
[Date "2019.08.18"]
[Round "9.21"]
[White "Mieles Palau, Daniel"]
[Black "Moral Garcia, Serafin"]
[Result "1-0"]
[ECO "A29"]
[WhiteElo "2384"]
[BlackElo "2281"]
[Annotator "NA"]
[PlyCount "123"]
[EventDate "2019.08.10"]
[EventType "swiss"]
[EventCountry "ESP"]
[SourceTitle "playchess.com"]
[Source "ChessBase"]
[SourceQuality "1"]
[TimeControl "5400+30"]

1. c4 e5 2. Nc3 Nf6 3. Nf3 Nc6 4. g3 Bc5 5. Bg2 d6 6. e3 a6 7. O-O O-O 8. d4 exd4 9. exd4 Ba7 10. h3 h6 11. Be3 Bd7 12. d5 Ne7 13. Bxa7 Rxa7 14. Qd4 Ra8 15. b4 b6 16. a3 Bf5 17. Rae1 Nd7 18. Nh4 Bh7 19. Be4 Bxe4 20. Nxe4 f5 21. Nd2 Rf6 22. f4 Ng6 23. Nhf3 Rf7 24. Re3 Re7 25. Rfe1 Rxe3 26. Rxe3 Qf6 27. Qxf6 Nxf6 28. Nd4 Kf7 29. Nxf5 a5 30. b5 Ng8 31. Nb3 N8e7 32. Nbd4 Nxf5 33. Nxf5 h5 34. Re4 Kf6 35. Nd4 Nf8 36. Kf2 Rd8 37. Kf3 g6 38. g4 hxg4+ 39. hxg4 Rd7 40. g5+ Kf7 41. Ne6 Kg8 42. Nxf8 Kxf8 43. Re6 Kg7 44. f5 gxf5 45. Kf4 Rd8 46. g6 Rf8 47. a4 Kh6 48. Re7 Kxg6 49. Rxc7 Re8 50. Rc6 Re4+ 51. Kf3 Kg5 52. Rxd6 Rxc4 53. Rxb6 Rxa4 54. Rb8 Ra3+ 55. Ke2 Ra2+ 56. Kd3 f4 57. d6 Ra3+ 58. Kc4 Ra4+ 59. Kc5 f3 60. d7 f2 61. d8=Q+ Kf4 62. Qd2+ 1-0

[Event "7th Iberoamerican-ch 2019"]
[Site "Linares"]
[Date "2019.08.18"]
[Round "9.22"]
[White "Esquivias Quintero, Luis Manuel"]
[Black "Garriga Cazorla, Pere"]
[Result "1-0"]
[ECO "C84"]
[WhiteElo "2282"]
[BlackElo "2495"]
[Annotator "ChessBase"]
[PlyCount "85"]
[EventDate "2019.08.10"]
[EventType "swiss"]
[EventCountry "ESP"]
[SourceTitle "playchess.com"]
[Source "ChessBase"]
[SourceQuality "1"]
[TimeControl "5400+30"]

1. e4 e5 2. Nf3 Nc6 3. Bb5 a6 4. Ba4 Nf6 5. O-O Be7 6. d3 b5 7. Bb3 O-O 8. a4 b4 9. a5 d6 10. Nbd2 Rb8 11. h3 Be6 12. Nc4 Nd7 13. Be3 Bf6 14. Re1 Ne7 15. d4 exd4 16. Nxd4 Bxd4 17. Bxd4 Ng6 18. Be3 Qh4 19. Nd2 Qf6 20. Bc4 Bxc4 21. Nxc4 Rb5 22. b3 Re8 23. Bd4 Qg5 24. Qg4 Qxg4 25. hxg4 Nde5 26. f3 Nxc4 27. bxc4 Rbb8 28. c5 dxc5 29. Bxc5 Ne5 30. Red1 Rb5 31. Bf2 Nc4 32. Rd7 Rc8 33. Rad1 Kf8 34. R7d5 c6 35. Rd7 Ke8 36. Ra7 Rd8 37. Rxd8+ Kxd8 38. Rxa6 Kc7 39. Ra7+ Kb8 40. a6 c5 41. Rxf7 g6 42. e5 Rb6 43. a7+ 1-0

[Event "7th Iberoamerican-ch 2019"]
[Site "Linares"]
[Date "2019.08.18"]
[Round "9.23"]
[White "Silva Rodriguez, Fernando"]
[Black "Roselli Mailhe, Bernardo"]
[Result "0-1"]
[ECO "C03"]
[WhiteElo "2253"]
[BlackElo "2461"]
[Annotator "ChessBase"]
[PlyCount "52"]
[EventDate "2019.08.10"]
[EventType "swiss"]
[EventCountry "ESP"]
[SourceTitle "playchess.com"]
[Source "ChessBase"]
[SourceQuality "1"]
[TimeControl "5400+30"]

1. e4 e6 2. d4 d5 3. Nd2 a6 4. Ngf3 c5 5. exd5 exd5 6. Be2 Nc6 7. O-O Bd6 8. dxc5 Bxc5 9. Nb3 Bd6 10. h3 Nge7 11. c3 O-O 12. Bd3 h6 13. Re1 Re8 14. Bc2 Bc7 15. Be3 Bf5 16. Bc5 Qd7 17. Nbd4 Bxc2 18. Qxc2 b6 19. Ba3 Ng6 20. Nxc6 Qxc6 21. Qf5 Re4 22. Rad1 Rxe1+ 23. Rxe1 Rd8 24. h4 Re8 25. Rd1 Qe6 26. Nd4 Qe1+ 0-1

[Event "7th Iberoamerican-ch 2019"]
[Site "Linares"]
[Date "2019.08.18"]
[Round "9.24"]
[White "Cori T., Deysi"]
[Black "Lacayo, Rene"]
[Result "1-0"]
[ECO "D30"]
[WhiteElo "2400"]
[BlackElo "2274"]
[Annotator "NA"]
[PlyCount "79"]
[EventDate "2019.08.10"]
[EventType "swiss"]
[EventCountry "ESP"]
[SourceTitle "playchess.com"]
[Source "ChessBase"]
[SourceQuality "1"]
[TimeControl "5400+30"]

1. d4 Nf6 2. Nf3 e6 3. e3 d5 4. c4 c6 5. Nbd2 Nbd7 6. Bd3 Be7 7. O-O O-O 8. Qe2 b6 9. Rd1 Bb7 10. b3 c5 11. Bb2 cxd4 12. exd4 Rc8 13. Rac1 Bd6 14. Ne5 Qe7 15. Ndf3 Ne4 16. Nxd7 Qxd7 17. Ne5 Qe7 18. cxd5 exd5 19. f3 Nf6 20. Ba6 Rfe8 21. g3 h6 22. Kg2 Nh7 23. Bxb7 Qxb7 24. Qb5 Nf6 25. h4 Nh5 26. Rxc8 Rxc8 27. Rc1 Nf6 28. Qd3 Rxc1 29. Bxc1 Qc7 30. Bb2 g6 31. Qd2 h5 32. Qd3 Kg7 33. Bc3 Ng8 34. Bd2 Ne7 35. Qc3 Qb7 36. Bh6+ Kxh6 37. Nxf7+ Kg7 38. Nxd6 Qd7 39. Qc7 Qe6 40. Kf2 1-0

[Event "7th Iberoamerican-ch 2019"]
[Site "Linares"]
[Date "2019.08.18"]
[Round "9.25"]
[White "Forgas Moreno, Yaniela"]
[Black "Valenzuela Gomez, Fernando"]
[Result "1/2-1/2"]
[ECO "B23"]
[WhiteElo "2276"]
[BlackElo "2388"]
[Annotator "NA"]
[PlyCount "88"]
[EventDate "2019.08.10"]
[EventType "swiss"]
[EventCountry "ESP"]
[SourceTitle "playchess.com"]
[Source "ChessBase"]
[SourceQuality "1"]
[TimeControl "5400+30"]

1. e4 c5 2. Nc3 a6 3. g3 d6 4. Bg2 e6 5. d3 Nc6 6. f4 Nf6 7. Nf3 Be7 8. O-O Qc7 9. h3 b5 10. Ne2 Bb7 11. c3 c4 12. dxc4 Nxe4 13. cxb5 axb5 14. Nfd4 Nxd4 15. Qxd4 Nf6 16. Be3 Bxg2 17. Kxg2 O-O 18. Kh2 Nd5 19. a3 Bf6 20. Qd3 Nxe3 21. Qxe3 Ra4 22. Rad1 d5 23. Nd4 Rc8 24. Rf2 Qb6 25. Rfd2 Rac4 26. h4 Qb8 27. Kg2 Re8 28. Qf3 Rc7 29. Re1 Rc4 30. Red1 Bxd4 31. Rxd4 Rec8 32. Qe2 Qd6 33. Kf3 Rd8 34. Kg2 Rc5 35. Kh2 f6 36. Re1 Re8 37. Qh5 Re7 38. Qf3 Rc4 39. h5 Rxd4 40. cxd4 Rc7 41. Qe2 Rc4 42. Qxe6+ Qxe6 43. Rxe6 Rxd4 44. Rd6 Rd2+ 1/2-1/2

[Event "7th Iberoamerican-ch 2019"]
[Site "Linares"]
[Date "2019.08.18"]
[Round "9.26"]
[White "Gavarrete, Nahun"]
[Black "Calzetta Ruiz, Monica"]
[Result "0-1"]
[ECO "B35"]
[WhiteElo "2349"]
[BlackElo "2257"]
[Annotator "NA"]
[PlyCount "88"]
[EventDate "2019.08.10"]
[EventType "swiss"]
[EventCountry "ESP"]
[SourceTitle "playchess.com"]
[Source "ChessBase"]
[SourceQuality "1"]
[TimeControl "5400+30"]

1. e4 c5 2. Nf3 Nc6 3. d4 cxd4 4. Nxd4 g6 5. Nc3 Bg7 6. Be3 Nf6 7. Bc4 O-O 8. Bb3 d6 9. f3 Bd7 10. Qd2 Na5 11. O-O-O Nxb3+ 12. Nxb3 b5 13. Bg5 b4 14. Nd5 Nxd5 15. exd5 a5 16. Rhe1 Re8 17. Nd4 Rc8 18. Re4 Rc5 19. Nb3 Rb5 20. Kb1 Bf5 21. Qe2 Rb7 22. Rc4 a4 23. g4 axb3 24. gxf5 bxa2+ 25. Ka1 Qa8 26. Bc1 Rc8 27. fxg6 hxg6 28. h4 Rbc7 29. Rxc7 Rxc7 30. h5 Qc8 31. Rd2 gxh5 32. Qd3 Qh3 33. Kxa2 h4 34. Kb3 Qg3 35. Rd1 h3 36. f4 Qg2 37. Rd2 Qg1 38. Rd1 h2 39. Be3 Qg2 40. Bb6 Rb7 41. Qa6 Rxb6 42. Qxb6 h1=Q 43. Rxh1 Qxd5+ 44. Kxb4 Qxh1 0-1

[Event "7th Iberoamerican-ch 2019"]
[Site "Linares"]
[Date "2019.08.18"]
[Round "9.27"]
[White "Blanco Acevedo, Cristobal Jose"]
[Black "Diaz Mino, Pablo"]
[Result "1-0"]
[ECO "E73"]
[WhiteElo "2342"]
[BlackElo "2239"]
[Annotator "NA"]
[PlyCount "95"]
[EventDate "2019.08.10"]
[EventType "swiss"]
[EventCountry "ESP"]
[SourceTitle "playchess.com"]
[Source "ChessBase"]
[SourceQuality "1"]
[TimeControl "5400+30"]

1. c4 Nf6 2. Nc3 g6 3. e4 d6 4. d4 Bg7 5. Be2 O-O 6. Be3 Nbd7 7. g4 e5 8. d5 Nc5 9. f3 a5 10. Qd2 Bd7 11. h4 h5 12. Bg5 Kh7 13. gxh5 gxh5 14. O-O-O Qe8 15. Nh3 Ng8 16. Rdg1 f6 17. Be3 Bh6 18. Ng5+ Kh8 19. f4 exf4 20. Bd4 Bg7 21. Qxf4 Qg6 22. Nh3 Qh7 23. Kb1 Rae8 24. Nf2 Re7 25. Rh2 Be8 26. Rhg2 Nd7 27. Qg3 Ne5 28. c5 Nh6 29. Ka1 Rg8 30. cxd6 cxd6 31. Qf4 Rf8 32. Bb5 Nhg4 33. Bxe8 Rfxe8 34. Nxg4 Nxg4 35. Qxd6 b5 36. b4 axb4 37. Qxb4 Rxe4 38. Qxb5 Re1+ 39. Kb2 Qg8 40. Rxe1 Rxe1 41. Re2 Rxe2+ 42. Qxe2 Qb8+ 43. Kc2 Qc8 44. Qe7 Qf5+ 45. Kb3 Nh6 46. Qe8+ Kh7 47. d6 Qa5 48. d7 1-0

[Event "7th Iberoamerican-ch 2019"]
[Site "Linares"]
[Date "2019.08.18"]
[Round "9.28"]
[White "Serarols Mabras, Bernat"]
[Black "Martinez-Conde Hernandez, Carlos"]
[Result "1-0"]
[ECO "D70"]
[WhiteElo "2338"]
[BlackElo "2046"]
[Annotator "NA"]
[PlyCount "109"]
[EventDate "2019.08.10"]
[EventType "swiss"]
[EventCountry "ESP"]
[SourceTitle "playchess.com"]
[Source "ChessBase"]
[SourceQuality "1"]
[TimeControl "5400+30"]

1. d4 Nf6 2. c4 g6 3. Nf3 Bg7 4. e3 O-O 5. Be2 d6 6. Nc3 Nbd7 7. O-O a5 8. Qc2 c6 9. Rd1 Re8 10. b3 d5 11. Bb2 Nb6 12. cxd5 Nfxd5 13. h3 a4 14. bxa4 Nxc3 15. Bxc3 Nxa4 16. Be1 Qb6 17. Bc4 e6 18. Bb3 Qa7 19. Rac1 Bf8 20. Ng5 Be7 21. Ne4 b6 22. Qxc6 Bb7 23. Qc2 Rac8 24. Qb1 Qa8 25. f3 Bxe4 26. Qxe4 Qxe4 27. fxe4 Nb2 28. Rxc8 Rxc8 29. Rb1 Nd3 30. Bd2 Ba3 31. Kf1 Kg7 32. e5 b5 33. e4 Rd8 34. Be3 Rc8 35. Rd1 Nb2 36. Rd2 Rc1+ 37. Ke2 Nc4 38. Bxc4 bxc4 39. d5 c3 40. Rd1 Rc2+ 41. Kd3 Rxg2 42. Kxc3 exd5 43. exd5 Bb2+ 44. Kc4 Bxe5 45. a4 Ra2 46. Kb5 Rb2+ 47. Kc6 Ra2 48. Bd4 Bxd4 49. Rxd4 Kf8 50. Rc4 f5 51. d6 Rd2 52. Kc7 Kf7 53. a5 Ke6 54. a6 Ra2 55. d7 1-0

[Event "7th Iberoamerican-ch 2019"]
[Site "Linares"]
[Date "2019.08.18"]
[Round "9.29"]
[White "Perez Garcia, Alejandro"]
[Black "Romero Berruezo, Francisco"]
[Result "1-0"]
[ECO "A06"]
[WhiteElo "2347"]
[BlackElo "2161"]
[Annotator "NA"]
[PlyCount "111"]
[EventDate "2019.08.10"]
[EventType "swiss"]
[EventCountry "ESP"]
[SourceTitle "playchess.com"]
[Source "ChessBase"]
[SourceQuality "1"]
[TimeControl "5400+30"]

1. Nf3 d5 2. g3 Bg4 3. Bg2 Nd7 4. O-O e6 5. h3 Bh5 6. d3 Ngf6 7. Nbd2 c6 8. Qe1 Bb4 9. a3 Ba5 10. e4 O-O 11. b4 Bc7 12. e5 Ne8 13. Bb2 a5 14. Nb3 axb4 15. axb4 Bxf3 16. Bxf3 Qb8 17. Rxa8 Qxa8 18. Qe2 Qb8 19. Re1 Kh8 20. Bg2 Bd8 21. b5 Be7 22. c4 Nc7 23. Nd4 cxb5 24. cxd5 Bb4 25. Rc1 exd5 26. e6 Nxe6 27. Nxe6 fxe6 28. Qg4 Ne5 29. Bxe5 Qxe5 30. Qxb4 Kg8 31. Qxb5 Qd4 32. Rc2 h5 33. h4 Ra8 34. Qxb7 Ra1+ 35. Kh2 Qxd3 36. Rc8+ Kh7 37. Qf7 Qf5 38. Qxf5+ exf5 39. Bxd5 Ra6 40. Rc6 Ra7 41. Kg2 g6 42. Kf3 Kg7 43. Kf4 Ra4+ 44. Rc4 Ra5 45. Rc7+ Kh6 46. Bg8 Ra4+ 47. Ke5 Ra5+ 48. Kf6 Ra6+ 49. Be6 Rb6 50. Rc8 Kh7 51. Re8 Rb4 52. Rg8 Rg4 53. Rg7+ Kh8 54. Rxg6 Rxg6+ 55. Kxg6 f4 56. Kxh5 1-0

[Event "7th Iberoamerican-ch 2019"]
[Site "Linares"]
[Date "2019.08.18"]
[Round "9.30"]
[White "Castillo Gallego, Sergio"]
[Black "Lopez Mulet, Inigo"]
[Result "0-1"]
[ECO "C11"]
[WhiteElo "2203"]
[BlackElo "2397"]
[Annotator "NA"]
[PlyCount "70"]
[EventDate "2019.08.10"]
[EventType "swiss"]
[EventCountry "ESP"]
[SourceTitle "playchess.com"]
[Source "ChessBase"]
[SourceQuality "1"]
[TimeControl "5400+30"]

1. e4 e6 2. d4 d5 3. Nc3 Nf6 4. e5 Nfd7 5. Qg4 c5 6. Nb5 cxd4 7. Nf3 Nc6 8. Bf4 Qa5+ 9. Bd2 Qb6 10. Nd6+ Bxd6 11. Qxg7 Bxe5 12. Nxe5 Rf8 13. Nd3 e5 14. O-O-O e4 15. Nf4 Ne7 16. Nh5 Qg6 17. g4 Qxg7 18. Nxg7+ Kd8 19. Bb4 Nf6 20. h3 Rg8 21. g5 Nd7 22. Bxe7+ Kxe7 23. Nf5+ Ke6 24. Nxd4+ Ke5 25. Be2 Rxg5 26. f4+ Kxf4 27. Rhf1+ Ke5 28. Rxf7 Nf6 29. Rf8 Rg8 30. Rf7 Bd7 31. Bg4 Nxg4 32. hxg4 Bxg4 33. Rd2 Raf8 34. Rxf8 Rxf8 35. c3 e3 0-1

[Event "7th Iberoamerican-ch 2019"]
[Site "Linares"]
[Date "2019.08.18"]
[Round "9.31"]
[White "Sos Andreu, Eric"]
[Black "Garcia Paolicchi, Raul"]
[Result "1/2-1/2"]
[ECO "A11"]
[WhiteElo "2354"]
[BlackElo "2140"]
[Annotator "NA"]
[PlyCount "65"]
[EventDate "2019.08.10"]
[EventType "swiss"]
[EventCountry "ESP"]
[SourceTitle "playchess.com"]
[Source "ChessBase"]
[SourceQuality "1"]
[TimeControl "5400+30"]

1. c4 c6 2. Nf3 d5 3. d4 Nf6 4. Qc2 dxc4 5. Qxc4 Bg4 6. Nbd2 e6 7. g3 Be7 8. Bg2 O-O 9. O-O Nbd7 10. Ne5 Bh5 11. Ndf3 Rc8 12. Qa4 Qb6 13. Bd2 Nxe5 14. dxe5 Nd7 15. Bc3 Nc5 16. Qf4 Rcd8 17. h4 Bg6 18. Nd2 Qa6 19. Bf3 h6 20. b3 Nd7 21. Qc4 Qa3 22. Qf4 Nb6 23. Nc4 Nxc4 24. Qxc4 Qc5 25. Qxc5 Bxc5 26. Rad1 Rfe8 27. Kg2 Bb6 28. Bb4 Rxd1 29. Rxd1 Rd8 30. Rc1 Bc7 31. Bc3 Kf8 32. b4 a6 33. a4 1/2-1/2

[Event "7th Iberoamerican-ch 2019"]
[Site "Linares"]
[Date "2019.08.18"]
[Round "9.32"]
[White "Perera Borrego, Maria Adela"]
[Black "Lianes Garcia, Marcos"]
[Result "0-1"]
[ECO "A40"]
[WhiteElo "2186"]
[BlackElo "2347"]
[Annotator "NA"]
[PlyCount "183"]
[EventDate "2019.08.10"]
[EventType "swiss"]
[EventCountry "ESP"]
[SourceTitle "playchess.com"]
[Source "ChessBase"]
[SourceQuality "1"]
[TimeControl "5400+30"]

1. d4 g6 2. Nf3 Bg7 3. g3 c5 4. d5 d6 5. Bg2 e5 6. e4 Ne7 7. a4 O-O 8. Nc3 h6 9. Nd2 a6 10. a5 b5 11. axb6 Nd7 12. b7 Bxb7 13. Nc4 Nb6 14. Na5 Qc7 15. O-O f5 16. f3 f4 17. Bd2 g5 18. Nxb7 Qxb7 19. Qe2 Ra7 20. Ra5 Na8 21. Rfa1 Nc7 22. Bf1 Rfa8 23. b3 Qc8 24. R1a2 h5 25. Na4 Rb7 26. Qd1 Ng6 27. Nb2 Bf8 28. Be1 Rbb8 29. Nc4 Nb5 30. c3 Nc7 31. Nd2 Be7 32. Qa1 g4 33. Be2 fxg3 34. hxg3 h4 35. fxg4 hxg3 36. Bxg3 Qd7 37. Qf1 Rf8 38. Qg2 Bg5 39. Nc4 Rab8 40. Bd1 Kg7 41. Rf2 Rxf2 42. Qxf2 Rf8 43. Qg2 Rf6 44. Ra2 Nb5 45. Rc2 Qf7 46. Be2 Qf8 47. Kh1 Qh8+ 48. Kg1 Qd8 49. Bf1 Qb8 50. Qe2 Qf8 51. Bg2 Bf4 52. Qe1 Qe7 53. Ne3 Bxe3+ 54. Qxe3 Rf8 55. Rf2 Rxf2 56. Kxf2 Qd8 57. Bf1 Qa5 58. Bxb5 axb5 59. Qd2 Qa1 60. c4 b4 61. Kg2 Qb1 62. Qe3 Qc2+ 63. Kf1 Qd1+ 64. Kf2 Qxg4 65. Qf3 Qg5 66. Ke2 Kg8 67. Be1 Nf4+ 68. Kd1 Qg1 69. Qg3+ Qxg3 70. Bxg3 Nh5 71. Bh4 Kf7 72. Ke2 Nf4+ 73. Kf3 Nd3 74. Bg5 Ne1+ 75. Ke2 Nc2 76. Be3 Na1 77. Kd3 Nxb3 78. Bh6 Nd4 79. Bg5 Nf3 80. Bh6 Nh4 81. Bg5 Ng6 82. Bd8 Ne7 83. Bc7 Nc8 84. Bd8 Kg6 85. Bh4 Kh5 86. Be1 Nb6 87. Bd2 Kg4 88. Bh6 Kf3 89. Bf8 Nc8 90. Bh6 b3 91. Kc3 Kxe4 92. Kxb3 0-1

[Event "7th Iberoamerican-ch 2019"]
[Site "Linares"]
[Date "2019.08.18"]
[Round "9.33"]
[White "Collado Barbas, Laura"]
[Black "Garcia Martin, Marta"]
[Result "0-1"]
[ECO "D31"]
[WhiteElo "2070"]
[BlackElo "2313"]
[Annotator "NA"]
[PlyCount "64"]
[EventDate "2019.08.10"]
[EventType "swiss"]
[EventCountry "ESP"]
[SourceTitle "playchess.com"]
[Source "ChessBase"]
[SourceQuality "1"]
[TimeControl "5400+30"]

1. d4 d5 2. c4 e6 3. Nc3 Bb4 4. Nf3 dxc4 5. e3 b5 6. Bd2 c6 7. a4 a5 8. axb5 Bxc3 9. Bxc3 cxb5 10. b3 Bb7 11. d5 Nf6 12. bxc4 b4 13. Bxf6 gxf6 14. Nd4 e5 15. Nf5 Bc8 16. Nh6 f5 17. Qh5 Qf6 18. e4 Qg6 19. Nxf5 Bxf5 20. Qxf5 Qxf5 21. exf5 Nd7 22. Be2 Ke7 23. Kd2 Nc5 24. Kc2 Kd6 25. Rhb1 Rhb8 26. f3 a4 27. Bd1 h5 28. h4 Nb3 29. g3 Nd4+ {[%emt 0:01:50] Ra2 b3+} 30. Kd3 Kc5 31. Ra3 {[%emt 0:10:55] Rb4 Rc1} Nxf5 32. f4 exf4 0-1